AoeStats
← HeroSan

Coastal Forest

510864173Analyzed
3v3 RM · 16h ago on Oct 2, 2026· 18m 54s· 6 players
Game mode
Random Map
Map size
Normal (6 player)
Population
200
Speed
Normal
Resources
Standard
Victory
Conquest
Starting age
Dark Age
Ending age
Imperial Age
RankedLock teamsTeams togetherTeam positionsShared explorationLock speedFull tech treeHidden civsTurbo modeCheats
Victory
Defeat
🇦🇷 Varangians · Argentina
1458
+14
🇦🇷 Ethiopians · Argentina
1453
+14
🇦🇷 Vietnamese · Argentina
1317
+20
🇦🇹 Saracens · Austria
1486
-19
🇦🇹 Koreans · Austria
1485
-19
🇦🇹 Ethiopians · Austria
1250
-10
Miau ☭
6:38 Loom
8:55 Feudal Age
9:39 Double-Bit Axe
10:04 Horse Collar
11:18 Town Watch
19:48 Castle Age
DrSchabe
6:01 Loom
6:15 Loom
9:06 Feudal Age
10:34 Double-Bit Axe
13:38 Fletching
hawara
10:45 Feudal Age
9:43 Loom
11:41 Double-Bit Axe
15:15 Horse Collar
18:46 Wheelbarrow
guido_ara
5:54 Loom
9:28 Feudal Age
10:06 Double-Bit Axe
11:09 Man-at-Arms
Mr_Bruswill
6:20 Loom
8:57 Feudal Age
9:57 Double-Bit Axe
13:45 Fletching
HeroSan
8:54 Loom
11:35 Feudal Age
15:38 Castle Age
13:57 Double-Bit Axe
13:53 Horse Collar
16:00 Scale Barding Armor
17:41 Chain Barding Armor
Connection lost

Rejoining the realm…

Still unreachable

The connection could not be restored.

Session expired

The server has moved on; the page needs a fresh start.